 Dungeon Crawl Stone Soup version 0.28.0-45-g0d030f2227 (webtiles) character file.

Game seed: 15746071344531743116

80 Zeld the Skirmisher (level 4, -7/41 HPs)
             Began as a Minotaur Berserker on Apr 11, 2022.
             Was a Believer of Trog.
             Killed by divine providence
             ... invoked by an orc priest
              (9 damage)
             ... on level 3 of the Dungeon.
             The game lasted 00:01:16 (2061 turns).

Zeld the Skirmisher (Minotaur Berserker)            Turns: 2061, Time: 00:01:16

Health: -7/41      AC:  2    Str: 24    XL:     4   Next: 18%
Magic:  3/3        EV: 12    Int:  4    God:    Trog [**....]
Gold:   41         SH:  0    Dex:  9    Spells: 3/3 levels left

rFire   . . .      SeeInvis .   a - +0 hand axe
rCold   . . .      Faith    .   (no shield)
rNeg    . . .      Spirit   .   b - +0 animal skin
rPois   .          Reflect  .   (helmet restricted)
rElec   .          Harm     .   (no cloak)
rCorr   .          Rampage  .   (no gloves)
Will    ++...                   (no boots)
Stlth   +.........              (no amulet)
HPRegen 1.13/turn               (no ring)
MPRegen 0.08/turn               (no ring)

@: strong-willed, regenerating
A: horns 2, retaliatory headbutt
a: Renounce Religion, Berserk, Trog's Hand


You were on level 3 of the Dungeon.
You worshipped Trog.
Trog was pleased with you.
You visited 1 branch of the dungeon, and saw 3 of its levels.

You collected 41 gold pieces.

Inventory:

Hand Weapons
 a - a +0 hand axe (weapon)
Armour
 b - a +0 animal skin (worn)
Jewellery
 c - a ring of ice
Scrolls
 d - a scroll of teleportation {unknown}
 e - a scroll of identify {unknown}
 g - 2 scrolls of silence {unknown}
Potions
 f - a potion of curing {unknown}
 h - a potion of flight {unknown}
 i - a potion of heal wounds {unknown}
 j - a potion of berserk rage {unknown}


   Skills:
 * Level 4.6 Fighting
 * Level 4.5 Axes
 + Level 3.2 Armour
 + Level 2.7 Dodging


You had 3 spell levels left.
You didn't know any spells.
Your spell library was empty.

Dungeon Overview and Level Annotations

Branches:
Dungeon (3/15)

Altars:


Innate Abilities, Weirdness & Mutations

You have a pair of horns on your head.
You reflexively headbutt those who attack you in melee.


Message History

You recover from your berserk rage.
You hit the worm.
The worm is almost dead.
The worm bites you!
You slash the worm!
You kill the worm!
Trog accepts your kill.
No target in view!
An orc comes into view.
It is wielding a +0 flail and wearing a +2 ring mail of cold resistance.
An orc is nearby!
An orc is nearby!
The orc shouts!
You hear a shout! x2
An orc priest comes into view. It is wielding a +0 hand axe.
The orc priest shouts!
You closely miss the orc. You headbutt the orc.
The orc is moderately wounded.
The orc priest looks satisfied for a moment.
The orc hits you with a +0 flail!
You are too injured to fight recklessly!
You hit the orc.
The orc is heavily wounded.
The orc hits you with a +0 flail.
You are too injured to fight recklessly!
You barely miss the orc. You headbutt the orc.
You kill the orc!
Trog accepts your kill.
An orc priest comes into view. It is wielding a +0 hand axe.
Things that are here:
a +0 flail; a +2 ring mail of cold resistance The orc priest calls down the wrath of Beogh upon you.
Beogh smites you!
* * * LOW HITPOINT WARNING * * *
Your skin crawls.
You feel strong-willed.
The orc priest hits you with a +0 hand axe!
* * * LOW HITPOINT WARNING * * *
You fail to use your ability.
The orc priest invokes the aid of Beogh against you.
Beogh smites you!
You die...

.. ...# ..... ..
.....##..... ##.
#.#......... ...
............
##.##...........
............... #.
#.##..#.....
#.##...........
#o@)...........
..............#..##.
...o##...........##.
..........#.........
# ..##..#.#...##.##.
.......#.#$........
. ..............##.
# ...........##.# ..
.##....#..)##.##.#..


You could see 2 orc priests.

Vanquished Creatures
  An orc wizard (D:3)
  A white imp (D:3)
  2 worms
  A dart slug (D:1)
  4 orcs (D:3)
  A ball python (D:1)
  5 endoplasms
  A giant cockroach (D:2)
  4 goblins
  A hobgoblin (D:2)
  4 jackals (D:1)
  2 quokkas
  2 bats
  2 frilled lizards
  2 kobolds
  3 rats
36 creatures vanquished.

Notes
Turn   | Place    | Note
-------+----------+-------------------------------------------
     0 | D:1      | Zeld the Minotaur Berserker began the quest for the Orb.
     0 | D:1      | Reached XP level 1. HP: 19/19 MP: 0/0
    20 | D:1      | Reached XP level 2. HP: 14/27 MP: 1/1
   874 | D:1      | Noticed a great orb of eyes
   875 | D:1      | Found a faded altar of an unknown god.
   878 | D:1      | Noticed an eye of devastation
   878 | D:1      | Noticed an eye of devastation
   878 | D:1      | Noticed a great orb of eyes
  1324 | D:2      | Reached XP level 3. HP: 29/33 MP: 2/2
  1986 | D:3      | Reached ** piety under Trog
  1993 | D:3      | Reached XP level 4. HP: 37/41 MP: 3/3
  2060 | D:3      | HP: 1/41 [orc priest/+0 hand axe (7)]
  2061 | D:3      | Killed from afar by an orc priest

Illustrated notes

Levels and vault maps discovered:
D:1:      ncdulo_watergridlock, layout_basic,
          hellmonk_ecumenical_altar_watching_god
D:2:      layout_loops_ring
D:3:      layout_basic, minmay_lizard_king

Skill      XL: |  1  2 |
---------------+-------+-----
Fighting       | 4 |  4.6
Axes           | 4 |  4.5
Armour         | 3 |  3.2
Dodging        | |  2.7

Action                   |  1- 3 |  4- 6 || total
-------------------------+-------+-------++-------
Melee: Hand axe          |    60 |    10 ||    70
       Headbutt          |     9 |     2 ||    11
Invok: Berserk           |     2 |       ||     2
       Trog's Hand       |       |     1 ||     1
Armor: Animal skin       |    12 |       ||    12
Dodge: Dodged            |    43 |     2 ||    45
